[Event "Titled Tuesday Blitz August 24 2021"]
[White "Yoo, Christopher Woojin"]
[Black "Skliarov, Viktor"]
[WhiteFideId "30909694"]
[BlackFideId "14106736"]
[WhiteElo "2105"]
[BlackElo "2281"]
[Result "1/2-1/2"]
[Round "05"]
[TimeControl "180+1"]
[Date "2021.08.24"]
[WhiteClock "0:00:03"]
[BlackClock "0:00:09"]

1. e4 c5 2. Nf3 Nc6 3. Nc3 Nf6 4. Bb5 Nd4 5. e5 Nxb5 6. Nxb5 Nd5 7. Ng5 f6 8. Qf3 Nb4 9. exf6 exf6 10. Qe4+ Qe7 11. Nd6+ Kd8 12. Ngf7+ Kc7 13. O-O Qxe4 14. Nxe4 d5 15. Nxh8 dxe4 16. d3 Nxc2 17. Bf4+ Kc6 18. Rad1 Be6 19. dxe4 Be7 20. Rd2 Nb4 21. a3 Na6 22. Rfd1 Rxh8 23. Rd6+ Bxd6 24. Rxd6+ Kb5 25. Rxe6 Rd8 26. g4 Rd7 27. b3 c4 28. bxc4+ Kxc4 29. Re8 Kb3 30. Be3 b6 31. f4 Kxa3 32. Bxb6 axb6 33. Ra8 b5 34. Rxa6+ Kb3 35. g5 fxg5 36. fxg5 Re7 37. Kf2 Rxe4 38. Ra7 g6 39. Rxh7 Re5 40. h4 b4 41. Rh6 Kc4 42. Rxg6 b3 43. Rc6+ Rc5 44. Rb6 Rb5 45. Rc6+ Kd5 46. Rc1 b2 47. Rb1 Ke4 48. Kg3 Kf5 49. Rf1+ Kg6 50. Rb1 Rb3+ 51. Kg4 Rb4+ 52. Kg3 Kh5 53. Kf3 Kxh4 54. g6 Kh5 55. g7 Rb8 56. Rxb2 Rg8 57. Kf4 Rxg7 58. Rh2+ Kg6 59. Rg2+ Kf6 60. Rxg7 Kxg7 1/2-1/2


[Site "https://www.chess.com"]

[Event "Titled Tuesday Blitz August 24 2021"]
[White "Zeltsan, Joseph"]
[Black "Indjic, Aleksandar"]
[WhiteFideId "30932980"]
[BlackFideId "911925"]
[WhiteElo "2195"]
[BlackElo "2643"]
[Result "0-1"]
[Round "05"]
[TimeControl "180+1"]
[Date "2021.08.24"]
[WhiteClock "0:00:11"]
[BlackClock "0:01:24"]

1. e4 d6 2. d4 Nf6 3. Nc3 e5 4. Nf3 Nbd7 5. Bc4 Be7 6. O-O h6 7. Re1 c6 8. a4 g5 9. Be3 Qc7 10. Qe2 Nf8 11. Bb3 Ng6 12. Qc4 Rf8 13. Rad1 Be6 14. d5 Bd7 15. dxc6 bxc6 16. Bxg5 hxg5 17. Nxg5 Rb8 18. Nb5 Qa5 19. Nxd6+ Bxd6 20. Nxf7 Be7 21. Re3 Rb4 22. Qd3 Rd4 23. Qe2 Rxd1+ 24. Qxd1 Rxf7 25. Bxf7+ Kxf7 26. h3 Be6 27. g4 Nf4 0-1


[Site "https://www.chess.com"]

[Event "Titled Tuesday Blitz August 24 2021"]
[White "Zhao, Erick"]
[Black "Pichot, Alan"]
[WhiteFideId "30946930"]
[BlackFideId "110973"]
[WhiteElo "2581"]
[BlackElo "2622"]
[Result "0-1"]
[Round "05"]
[TimeControl "180+1"]
[Date "2021.08.24"]
[WhiteClock "0:00:23"]
[BlackClock "0:01:14"]

1. e4 c5 2. Nf3 e6 3. d4 cxd4 4. Nxd4 Nc6 5. Nc3 Qc7 6. Be3 a6 7. Qf3 Ne5 8. Qg3 h5 9. h4 Nf6 10. O-O-O b5 11. f4 Neg4 12. Bg1 b4 13. Nd5 exd5 14. exd5 Bb7 15. Qe1+ Kd8 16. d6 Bxd6 17. Nf5 Bxf4+ 18. Kb1 Be4 19. Nd4 Re8 20. Qxb4 Nd5 21. Qa4 Nge3 22. Rc1 Rb8 0-1


[Site "https://www.chess.com"]

[Event "Titled Tuesday Blitz August 24 2021"]
[White "Zhou, Jianchao"]
[Black "Ivanisevic, Ivan"]
[WhiteFideId "8603537"]
[BlackFideId "912417"]
[WhiteElo "2462"]
[BlackElo "2499"]
[Result "1-0"]
[Round "05"]
[TimeControl "180+1"]
[Date "2021.08.24"]
[WhiteClock "0:00:04"]
[BlackClock "0:00:01"]

1. d4 Nf6 2. c4 e6 3. Nf3 d5 4. Nc3 Nbd7 5. cxd5 exd5 6. Bf4 c6 7. e3 Nh5 8. Bg5 Be7 9. Bxe7 Qxe7 10. Be2 g6 11. O-O O-O 12. Rb1 a5 13. a3 Nb6 14. Bd3 Bg4 15. h3 Bxf3 16. Qxf3 f5 17. Rfc1 a4 18. Bc2 Ra5 19. Qd1 Rfa8 20. Bd3 Nc8 21. Bxf5 Nd6 22. Bd3 Nf6 23. Ne2 Rf8 24. Qe1 Raa8 25. Nf4 g5 26. Ne2 g4 27. Nf4 gxh3 28. Nxh3 Kh8 29. Qe2 Rg8 30. g3 Nde4 31. Kg2 Ng4 32. Bxe4 Qxe4+ 33. Qf3 Qxf3+ 34. Kxf3 Nf6 35. Nf4 Rae8 36. Rh1 Rg5 37. Rh4 Kg7 38. Rbh1 Kf7 39. Nd3 Kg7 40. Ke2 h5 41. Nf4 Kh6 42. Nxh5 Rxh5 43. Rxh5+ Nxh5 44. g4 Kg5 45. gxh5 Rh8 46. h6 Rh7 47. f3 b6 48. e4 Kf4 49. exd5 cxd5 50. Rh3 Kg5 51. Ke3 Re7+ 52. Kd3 Rh7 53. Kc3 Kf4 54. Rh5 Rc7+ 55. Kb4 Rh7 56. Kxa4 Kxf3 57. Rxd5 Rxh6 58. Kb5 Ke4 59. Rd8 Kd3 60. b4 Kc3 61. d5 Kb3 62. a4 Rh4 63. Kxb6 Rxb4+ 64. Kc5 Rc4+ 65. Kb6 Rxa4 66. d6 Rd4 67. Kc5 1-0


[Site "https://www.chess.com"]

[Event "Titled Tuesday Blitz August 24 2021"]
[White "Zhuravlev, Alexey"]
[Black "Mikhailovsky, Vladimir"]
[WhiteFideId "4164199"]
[BlackFideId "34105414"]
[WhiteElo "2502"]
[BlackElo "2315"]
[Result "0-1"]
[Round "05"]
[TimeControl "180+1"]
[Date "2021.08.24"]
[WhiteClock "0:00:16"]
[BlackClock "0:00:31"]

1. e4 e5 2. Nf3 d5 3. exd5 e4 4. Qe2 Nf6 5. Nc3 Be7 6. Nxe4 O-O 7. Nxf6+ Bxf6 8. d4 Qxd5 9. Be3 Nc6 10. Qc4 Qh5 11. O-O-O a5 12. Be2 a4 13. a3 Be6 14. d5 Na5 15. Qb5 Bf5 16. Nd4 Qg6 17. Nxf5 Qxf5 18. d6 Qe6 19. dxc7 Qa2 20. Bb6 Nb3+ 21. cxb3 Qxb2# 0-1


[Site "https://www.chess.com"]

[Event "Titled Tuesday Blitz August 24 2021"]
[White "Zubov, Alexander"]
[Black "Nilsen, Tobias Lang"]
[WhiteFideId "14109409"]
[BlackFideId "1521624"]
[WhiteElo "2740"]
[BlackElo "1975"]
[Result "1-0"]
[Round "05"]
[TimeControl "180+1"]
[Date "2021.08.24"]
[WhiteClock "0:00:21"]
[BlackClock "0:00:02"]

1. d4 Nf6 2. c4 c5 3. d5 e6 4. Nc3 exd5 5. cxd5 d6 6. Nf3 g6 7. Nd2 Bg7 8. Nc4 O-O 9. Bf4 Ne8 10. Qd2 b6 11. a4 Ba6 12. Nb5 Bxb5 13. axb5 a6 14. e3 Nd7 15. bxa6 Ne5 16. Bxe5 dxe5 17. Be2 Nd6 18. O-O f5 19. Nxd6 Qxd6 20. e4 fxe4 21. Bb5 Rf4 22. Bc6 Ra7 23. Bb7 Bh6 24. g3 Rh4 25. Qe2 Rh5 26. Qxe4 Bg7 27. Rac1 Bh6 28. Rc2 Bg7 29. b4 Rf5 30. Rfc1 Bh6 31. bxc5 bxc5 32. Re1 Bg7 33. Qe3 Rxa6 34. Bxa6 Qxa6 35. Qxc5 Bf8 36. Qc6 Qa5 37. Rf1 e4 38. Qe6+ Kg7 39. Rd1 Qa4 40. Rcd2 Bb4 41. Qxe4 Rxf2 42. Kxf2 Bc5+ 43. Kf3 Qb3+ 44. Kg2 h5 45. d6 Kh6 46. d7 Bb6 47. Rd6 Bc7 48. Qxg6# 1-0


[Site "https://www.chess.com"]

[Event "Titled Tuesday Blitz August 24 2021"]
[White "sganerdene"]
[Black "Kamsky, Gata"]
[BlackFideId "2000024"]
[WhiteElo "2643"]
[BlackElo "2644"]
[Result "1-0"]
[Round "05"]
[TimeControl "180+1"]
[Date "2021.08.24"]
[WhiteClock "0:00:49"]
[BlackClock "0:00:01"]

1. e4 c5 2. Nf3 e6 3. d4 cxd4 4. Nxd4 a6 5. Be2 Nf6 6. Nc3 d6 7. O-O b5 8. Bf3 e5 9. Nf5 g6 10. Ne3 Nc6 11. a4 b4 12. Ncd5 Nxd5 13. Nxd5 Bg7 14. Bg5 f6 15. Be3 Rb8 16. Qd2 Be6 17. Rad1 O-O 18. Be2 f5 19. Bg5 Qd7 20. exf5 gxf5 21. Bxa6 Qf7 22. Bc4 Kh8 23. Bb5 Nd4 24. Nxb4 Nxb5 25. axb5 Rxb5 26. Qxd6 f4 27. Qe7 Qf5 28. c3 h6 29. Rd6 hxg5 30. Qxe6 e4 31. Re1 e3 32. Qxf5 exf2+ 33. Kxf2 Rfxf5 34. Rd8+ Rf8 35. Rd7 1-0


[Site "https://www.chess.com"]

[Event "Titled Tuesday Blitz August 24 2021"]
[White "Adury, Anant"]
[Black "Kavyev, Ruslan"]
[WhiteFideId "30964687"]
[BlackFideId "34110981"]
[WhiteElo "2408"]
[BlackElo "2172"]
[Result "0-1"]
[Round "06"]
[TimeControl "180+1"]
[Date "2021.08.24"]
[WhiteClock "0:00:57"]
[BlackClock "0:02:19"]

1. e4 d5 2. exd5 Nf6 3. Nf3 Bg4 4. d4 Qxd5 5. Be2 Nc6 6. O-O O-O-O 7. c4 Qf5 8. Be3 e6 9. Nc3 Bd6 10. h3 h5 11. Qd3 Qxd3 12. Bxd3 Bxf3 13. gxf3 h4 14. Ne4 Be7 15. Rad1 Nxd4 16. Bxd4 Rxd4 17. Nxf6 Bxf6 18. b3 Rhd8 19. Bc2 c5 20. Rxd4 cxd4 21. Bd3 Kc7 22. b4 a5 23. a3 axb4 24. axb4 Ra8 25. Rd1 Ra3 26. Be4 Rb3 27. Rb1 Rxb1+ 28. Bxb1 Be7 29. b5 Kb6 30. Kf1 Kc5 31. Bd3 Kb4 32. Ke2 Kc3 33. Be4 b6 34. Bc6 d3+ 35. Kd1 Kxc4 36. Be8 f6 37. Bd7 e5 38. Be8 Bc5 39. Ke1 Kc3 40. Bd7 d2+ 41. Kd1 Bxf2 42. Bf5 Be1 43. Bg6 Kd4 44. Bf5 Ke3 45. Be4 Kf4 46. Bc6 f5 47. Bd7 g5 48. Bc8 e4 49. fxe4 Kxe4 50. Ke2 Kf4 51. Kd1 g4 52. hxg4 fxg4 53. Ke2 h3 0-1


[Site "https://www.chess.com"]

[Event "Titled Tuesday Blitz August 24 2021"]
[White "Aggelis, Nikolaos"]
[Black "Laurusas, Tomas"]
[WhiteFideId "4213220"]
[BlackFideId "12803731"]
[WhiteElo "2154"]
[BlackElo "2542"]
[Result "0-1"]
[Round "06"]
[TimeControl "180+1"]
[Date "2021.08.24"]
[WhiteClock "0:00:53"]
[BlackClock "0:00:22"]

1. d4 Nf6 2. g3 d5 3. Bg2 Bf5 4. Nf3 e6 5. c4 c6 6. Qb3 Qb6 7. c5 Qa6 8. Bf1 Be4 9. Nc3 b6 10. Nxe4 Nxe4 11. cxb6 axb6 12. Nd2 Qa5 13. f3 Nf6 14. a3 Be7 15. Bg2 c5 16. dxc5 bxc5 17. O-O O-O 18. e4 Nc6 19. exd5 Nd4 20. Qd3 exd5 21. Nb3 Nxb3 22. Qxb3 c4 23. Qc2 Rab8 24. Be3 Bc5 25. Bxc5 Qxc5+ 26. Kh1 Rb3 27. Rfd1 Rfb8 28. Ra2 h5 29. a4 h4 30. g4 h3 31. Bxh3 Rxf3 32. Bg2 Rf2 33. Qc3 Nxg4 34. Rxd5 Rf1+ 35. Bxf1 Qxd5+ 36. Kg1 Qc5+ 37. Kh1 Qf2 38. Qh3 Ne3 39. Ra1 Qxb2 40. Re1 Nxf1 41. Qxf1 c3 42. Qd3 c2 43. Qd2 Qb1 44. Rc1 Qxc1+ 45. Qxc1 Rb1 0-1


[Site "https://www.chess.com"]

[Event "Titled Tuesday Blitz August 24 2021"]
[White "Aghasiyev, Kamal"]
[Black "Czopor, Maciej"]
[WhiteFideId "13402854"]
[BlackFideId "21805431"]
[WhiteElo "2210"]
[BlackElo "1999"]
[Result "1/2-1/2"]
[Round "06"]
[TimeControl "180+1"]
[Date "2021.08.24"]
[WhiteClock "0:00:08"]
[BlackClock "0:00:46"]

1. d4 Nf6 2. c4 e6 3. Nf3 g6 4. Nc3 d5 5. Bg5 Be7 6. e3 h6 7. Bh4 c6 8. Bd3 O-O 9. O-O b6 10. Ne5 Bb7 11. cxd5 exd5 12. Qc2 Nfd7 13. Bxe7 Qxe7 14. f4 Nxe5 15. fxe5 Nd7 16. e4 c5 17. Nxd5 Bxd5 18. exd5 cxd4 19. e6 fxe6 20. dxe6 Nc5 21. Bxg6 Qxe6 22. Bf5 Qe3+ 23. Kh1 Rae8 24. b4 Ne4 25. Qc7 Rxf5 26. Rxf5 Nf2+ 27. Rxf2 Qxf2 28. Qc4+ Kg7 29. h3 Re1+ 30. Rxe1 Qxe1+ 31. Kh2 Qe5+ 32. g3 Qe3 33. Qc7+ Kf6 34. Qd6+ Kf7 35. Qd7+ Kf8 36. Qd8+ Kf7 37. Qd7+ Kg6 38. Qd6+ Kf5 39. Qd5+ Qe5 40. Qf3+ Ke6 41. Qc6+ Qd6 42. Qe4+ Kd7 43. Qb7+ Kd8 44. Qa8+ Ke7 45. Qb7+ Qd7 46. Qe4+ Kd8 47. Qa8+ Ke7 48. Qe4+ Kf7 49. Qh7+ Ke8 50. Qxd7+ Kxd7 51. Kg2 Kd6 52. Kf3 Kd5 53. g4 Kc4 54. Ke2 Kc3 55. Kd1 Kd3 56. h4 Ke4 57. Kd2 Kf4 58. g5 hxg5 59. hxg5 Kxg5 60. Kd3 Kf5 61. Kxd4 Ke6 62. Kc4 Kd6 63. Kb5 Kc7 64. Ka6 Kb8 65. a4 Ka8 66. b5 Kb8 67. a5 bxa5 68. Kxa5 Kb7 69. Kb4 Kb6 70. Ka4 a6 71. bxa6 Kxa6 1/2-1/2


[Site "https://www.chess.com"]

[Event "Titled Tuesday Blitz August 24 2021"]
[White "Al Hosani, Omran"]
[Black "Materia, Marco"]
[WhiteFideId "9308733"]
[BlackFideId "45150451"]
[WhiteElo "2259"]
[BlackElo "2672"]
[Result "0-1"]
[Round "06"]
[TimeControl "180+1"]
[Date "2021.08.24"]
[WhiteClock "0:00:10"]
[BlackClock "0:00:44"]

1. d4 Nf6 2. c4 e6 3. Nc3 Bb4 4. e3 O-O 5. Nf3 d5 6. cxd5 exd5 7. Bd3 b6 8. O-O Bb7 9. Qc2 Nbd7 10. Bd2 Re8 11. Rac1 c5 12. a3 Bxc3 13. Bxc3 c4 14. Bf5 g6 15. Bh3 Ne4 16. Nd2 Ndf6 17. f3 Ng5 18. Rce1 Nxh3+ 19. gxh3 Qd7 20. e4 Qxh3 21. Rf2 Re6 22. e5 Nh5 23. f4 Qg4+ 24. Rg2 Qxf4 25. Rf1 Qe3+ 26. Kh1 Re7 27. Rf3 Qe1+ 28. Rf1 Qh4 29. Nf3 Qe4 30. Qd2 Nf4 31. Rg4 Nd3 32. Rxe4 dxe4 33. Bb4 exf3 34. h4 f2+ 35. Kh2 Rd7 36. Bd6 Re8 37. Qg5 Bd5 38. h5 Re6 39. h6 f6 40. Qg3 fxe5 41. dxe5 Rf7 42. Qg5 Re8 43. Qg3 Rf5 44. Qg4 Rh5+ 45. Kg3 Be6 46. Qd4 Rh3+ 47. Kg2 Rxh6 48. b3 Bh3+ 49. Kg3 Bxf1 50. Qd5+ Kh8 51. Qf7 Rh3+ 52. Kg4 Be2+ 53. Kxh3 f1=Q+ 54. Qxf1 Bxf1+ 55. Kg3 cxb3 0-1


[Site "https://www.chess.com"]

[Event "Titled Tuesday Blitz August 24 2021"]
[White "Andreikin, Dmitry"]
[Black "Postny, Evgeny"]
[WhiteFideId "4158814"]
[BlackFideId "2804344"]
[WhiteElo "2782"]
[BlackElo "2521"]
[Result "1-0"]
[Round "06"]
[TimeControl "180+1"]
[Date "2021.08.24"]
[WhiteClock "0:00:13"]
[BlackClock "0:00:04"]

1. d4 Nf6 2. c4 e6 3. Nf3 Bb4+ 4. Bd2 Bxd2+ 5. Qxd2 O-O 6. g3 d5 7. Bg2 c6 8. O-O b6 9. Rc1 Nbd7 10. cxd5 cxd5 11. Ne5 Bb7 12. Na3 a6 13. Nc6 Bxc6 14. Rxc6 Rc8 15. Rac1 Rxc6 16. Rxc6 Qa8 17. Qc2 b5 18. e3 h6 19. Nb1 Rb8 20. Nd2 Nb6 21. Nb3 Nc4 22. Rc7 Rc8 23. Rxc8+ Qxc8 24. Nc5 Nd7 25. Nd3 Nd6 26. Qd2 Nc4 27. Qb4 Qf8 28. Qc3 a5 29. h4 b4 30. Qc2 Qc8 31. h5 Nd6 32. Qa4 Qc7 33. Bf3 Nf6 34. Nc5 Nde4 35. Bxe4 Nxe4 36. Qe8+ Kh7 37. Nd7 Nf6 38. Nf8+ Kg8 39. Qa8 Qc1+ 40. Kg2 1-0


[Site "https://www.chess.com"]

[Event "Titled Tuesday Blitz August 24 2021"]
[White "Anuj Shrivatri"]
[Black "Paravyan, David"]
[WhiteFideId "35070924"]
[BlackFideId "4194985"]
[WhiteElo "2038"]
[BlackElo "2562"]
[Result "1-0"]
[Round "06"]
[TimeControl "180+1"]
[Date "2021.08.24"]
[WhiteClock "0:00:53"]
[BlackClock "0:00:02"]

1. d4 f5 2. g3 Nf6 3. Bg2 g6 4. Nf3 Bg7 5. O-O O-O 6. c4 d6 7. Nc3 a5 8. Qb3 Kh8 9. Bf4 Nh5 10. Bg5 h6 11. Bd2 e5 12. Nh4 Qe8 13. dxe5 dxe5 14. Bxb7 Bxb7 15. Qxb7 Nc6 16. Qxc7 g5 17. Ng2 Rf7 18. Qb6 Rb8 19. Qc5 Nd4 20. Be3 Rxb2 21. Rab1 Rc2 22. Bxd4 exd4 23. Nb5 Qxe2 24. Nxd4 Qxc4 25. Rb8+ Kh7 26. Qxc4 Rxc4 27. Ne6 f4 28. gxf4 gxf4 29. f3 Rc6 30. Nd8 Bd4+ 31. Kh1 Rcc7 32. Nxf7 Rxf7 33. Rd1 Be3 34. Rb5 Ng7 35. Re5 Nf5 36. Rdd5 Ng7 37. Nxe3 fxe3 38. Rxe3 a4 39. Kg2 Nf5 40. Red3 Nh4+ 41. Kf2 Kg8 42. Rd8+ Kg7 43. R8d7 1-0


[Site "https://www.chess.com"]

[Event "Titled Tuesday Blitz August 24 2021"]
[White "Aradhya, Garg"]
[Black "Shuvalova, Polina"]
[WhiteFideId "25006746"]
[BlackFideId "24171760"]
[WhiteElo "2146"]
[BlackElo "2299"]
[Result "1-0"]
[Round "06"]
[TimeControl "180+1"]
[Date "2021.08.24"]
[WhiteClock "0:01:20"]
[BlackClock "0:00:13"]

1. d4 Nf6 2. c4 e6 3. Nf3 d5 4. Nc3 c5 5. cxd5 Nxd5 6. e4 Nxc3 7. bxc3 cxd4 8. cxd4 Bb4+ 9. Bd2 Bxd2+ 10. Qxd2 O-O 11. Rc1 b6 12. Bd3 Bb7 13. O-O Nc6 14. d5 exd5 15. exd5 Ne7 16. d6 Ng6 17. Bxg6 hxg6 18. Ne5 Re8 19. f4 Re6 20. Nxf7 Kxf7 21. Rc7+ Kg8 22. Rxb7 Qxd6 23. Qc3 Qc5+ 24. Qxc5 bxc5 25. Rd1 Rf8 26. g3 Ref6 27. Rxa7 R8f7 28. Rd8+ Kh7 29. Raa8 g5 30. fxg5 Rf1+ 31. Kg2 R1f2+ 32. Kh3 Kg6 33. Kg4 Re7 34. Rd6+ Kf7 35. g6# 1-0


[Site "https://www.chess.com"]

[Event "Titled Tuesday Blitz August 24 2021"]
[White "Baches Garcia, Guillermo"]
[Black "Kucuksari, Kaan"]
[WhiteFideId "2209764"]
[BlackFideId "6380166"]
[WhiteElo "2483"]
[BlackElo "2300"]
[Result "1-0"]
[Round "06"]
[TimeControl "180+1"]
[Date "2021.08.24"]
[WhiteClock "0:00:08"]
[BlackClock "0:00:02"]

1. e4 c6 2. Nc3 d5 3. Nf3 Nf6 4. e5 Ne4 5. Ne2 Qb6 6. d4 e6 7. Ng3 c5 8. Bd3 Nxg3 9. fxg3 Nc6 10. O-O Be7 11. dxc5 Qxc5+ 12. Kh1 Bd7 13. a3 Qb6 14. b4 a5 15. b5 Nd8 16. Qe2 Rc8 17. Ng5 Qd4 18. Rb1 h6 19. Nxf7 Nxf7 20. Qh5 O-O 21. Qg6 Qxd3 22. Qxd3 Nxe5 23. Rxf8+ Rxf8 24. Qe2 Ng4 25. Be3 e5 26. Bg1 Bf5 27. h3 Nf6 28. Qxe5 Bxc2 29. Rc1 Bxa3 30. Rxc2 Bb4 31. Qe6+ Kh7 32. Rc8 a4 33. Rxf8 Bxf8 34. Bd4 Ne4 35. Qxd5 Nxg3+ 36. Kh2 Nf1+ 37. Kg1 Nd2 38. Qxb7 Nc4 39. Qc6 Na5 40. Qc3 Nb3 41. b6 Na5 42. Qxa5 1-0


[Site "https://www.chess.com"]

[Event "Titled Tuesday Blitz August 24 2021"]
[White "Bai, Adelard"]
[Black "Cunjalo, Faris"]
[WhiteFideId "16301188"]
[BlackFideId "14410710"]
[WhiteElo "2120"]
[BlackElo "2234"]
[Result "0-1"]
[Round "06"]
[TimeControl "180+1"]
[Date "2021.08.24"]
[WhiteClock "0:00:01"]
[BlackClock "0:01:08"]

1. d4 e6 2. Nf3 d5 3. Bf4 Bd6 4. e3 Nf6 5. Nbd2 O-O 6. Bd3 c5 7. dxc5 Bxc5 8. O-O Nbd7 9. c4 b6 10. cxd5 Nxd5 11. Bg3 N7f6 12. Qe2 Bb7 13. Rfd1 Bd6 14. e4 Nf4 15. Bxf4 Bxf4 16. e5 Nd5 17. Ne4 Qe7 18. Nd6 Rad8 19. a3 Ba8 20. Nc4 g6 21. g3 Bh6 22. Be4 Bg7 23. Nd4 Qc5 24. b4 Nc3 25. bxc5 Nxe2+ 26. Nxe2 Bxe4 27. cxb6 axb6 28. Nc3 Bf3 29. Re1 Rc8 30. Nxb6 Rxc3 31. a4 Rc5 32. a5 Bxe5 33. Ra3 Bc3 34. Re3 Bxa5 35. Rxf3 Bxb6 0-1


[Site "https://www.chess.com"]

[Event "Titled Tuesday Blitz August 24 2021"]
[White "Baskin, Robert"]
[Black "Vlassov, Nikolai"]
[WhiteFideId "24662402"]
[BlackFideId "4103360"]
[WhiteElo "2462"]
[BlackElo "2407"]
[Result "0-1"]
[Round "06"]
[TimeControl "180+1"]
[Date "2021.08.24"]
[WhiteClock "0:00:02"]
[BlackClock "0:01:33"]

1. e4 c5 2. Nf3 d6 3. Bb5+ Nd7 4. d4 cxd4 5. Qxd4 e5 6. Qd3 a6 7. Bxd7+ Bxd7 8. c4 Rc8 9. Nc3 Qc7 10. b3 b5 11. Nd5 Qc5 12. Nd2 Ne7 13. O-O Nxd5 14. cxd5 Qc2 15. Qxc2 Rxc2 16. Rd1 f5 17. Nf1 fxe4 18. Ne3 Rc8 19. Ba3 Be7 20. Rac1 Kf7 21. Bb4 Rxc1 22. Rxc1 Rc8 23. Rxc8 Bxc8 24. Kf1 Bb7 25. Ke2 Ke8 26. g3 Kd7 27. h4 h5 28. Ba5 g5 29. Nf5 gxh4 30. Nxe7 h3 31. Kf1 Kxe7 32. Kg1 Bxd5 33. Kh2 Be6 34. Bb4 Kd7 35. Bc3 Kc6 36. Bb2 Bg4 37. Bc3 Kd5 38. Bb2 Ke6 39. a4 b4 40. Bc1 d5 41. Bd2 a5 42. Bg5 Kd7 43. Bf6 Bd1 44. Bxe5 Bxb3 45. Bd4 Bxa4 46. Bb6 b3 47. Bd4 Bb5 48. Kxh3 a4 49. Bb2 d4 0-1


[Site "https://www.chess.com"]

[Event "Titled Tuesday Blitz August 24 2021"]
[White "Biletskiy, Danylo"]
[Black "Timmermans, Mark"]
[WhiteFideId "14155419"]
[BlackFideId "1026399"]
[WhiteElo "2099"]
[BlackElo "2460"]
[Result "0-1"]
[Round "06"]
[TimeControl "180+1"]
[Date "2021.08.24"]
[WhiteClock "0:00:19"]
[BlackClock "0:01:04"]

1. e4 e5 2. Nf3 Nc6 3. d4 exd4 4. Bc4 Nf6 5. e5 d5 6. Bb5 Ne4 7. Nxd4 Bc5 8. Be3 Bd7 9. Bxc6 bxc6 10. O-O Bb6 11. f3 Ng5 12. f4 Ne4 13. Nd2 Nxd2 14. Qxd2 c5 15. Nf3 d4 16. Bf2 Bc6 17. Bh4 Qd7 18. Rad1 O-O 19. Qf2 Qf5 20. Bg5 h6 21. Nh4 Qh7 22. Be7 Rfe8 23. Bxc5 Bxc5 24. c3 Rad8 25. cxd4 Bb6 26. Rfe1 g5 27. fxg5 hxg5 28. Nf5 Qg6 29. Re3 Bd7 30. Rf3 Rxe5 31. dxe5 Bxf2+ 32. Rxf2 Bxf5 33. Rxd8+ Kg7 34. h3 Be6 35. a3 Qb1+ 36. Kh2 Qe1 37. Rdd2 Qxe5+ 38. Kg1 c5 39. Rfe2 Qg3 40. Rf2 c4 41. Rc2 Qe3 42. Rc3 Qe1+ 43. Rf1 Qd2 44. Rf2 Qd1+ 45. Rf1 Qd4+ 46. Rf2 f5 47. Rg3 Kf6 48. Rc3 Bd5 49. Rc2 Be4 50. Rd2 Bd3 51. Kh2 Qe5+ 52. Kg1 Kg6 53. Rd1 g4 54. hxg4 fxg4 55. Rdd2 g3 0-1


[Site "https://www.chess.com"]

[Event "Titled Tuesday Blitz August 24 2021"]
[White "Bok, Benjamin"]
[Black "Ovetchkin, Roman"]
[WhiteFideId "1017063"]
[BlackFideId "4119991"]
[WhiteElo "2658"]
[BlackElo "2432"]
[Result "1-0"]
[Round "06"]
[TimeControl "180+1"]
[Date "2021.08.24"]
[WhiteClock "0:01:05"]
[BlackClock "0:00:39"]

1. d4 Nf6 2. c4 g6 3. Nf3 Bg7 4. g3 O-O 5. Bg2 d6 6. Nc3 c6 7. e4 e5 8. O-O Nbd7 9. Be3 Ng4 10. Bg5 Qb6 11. h3 Ngf6 12. b3 exd4 13. Nxd4 Nc5 14. Be3 a5 15. Qc2 Re8 16. Rfe1 Bd7 17. a3 h5 18. Rab1 Qc7 19. Red1 Rad8 20. Bf4 Bc8 21. b4 axb4 22. axb4 Ncd7 23. c5 Ne5 24. cxd6 Rxd6 25. Ncb5 Qe7 26. Nxd6 Qxd6 27. Nf5 Qc7 28. Nxg7 Kxg7 29. Qc3 Ng8 30. b5 f6 31. bxc6 bxc6 32. Rbc1 Ne7 33. Be3 Be6 34. Bc5 Nc8 35. Bd4 Ne7 36. Bxe5 Qxe5 37. Qxe5 fxe5 38. Rd6 Kf7 39. Rc5 Kf6 40. h4 1-0


[Site "https://www.chess.com"]

[Event "Titled Tuesday Blitz August 24 2021"]
[White "Borsuk, Konstantin"]
[Black "ketster"]
[WhiteFideId "14113406"]
[WhiteElo "2382"]
[BlackElo "2485"]
[Result "1-0"]
[Round "06"]
[TimeControl "180+1"]
[Date "2021.08.24"]
[WhiteClock "0:01:49"]
[BlackClock "0:00:04"]

1. d4 Nf6 2. c4 e6 3. Nc3 Bb4 4. Qc2 O-O 5. a3 Bxc3+ 6. Qxc3 d5 7. cxd5 exd5 8. Bg5 h6 9. Bh4 Bf5 10. f3 Nc6 11. e3 Re8 12. Bf2 Qe7 13. h3 Bg6 14. g4 a5 15. Ne2 Nd7 16. Nf4 Nb6 17. Bb5 Qd6 18. Kf1 Bh7 19. Rc1 Nc4 20. Bxc4 dxc4 21. Qxc4 a4 22. Kg2 Ra5 23. d5 Ne5 24. Qxc7 Qxc7 25. Rxc7 g5 26. Nh5 Ra6 27. e4 Nxf3 28. Rd1 Bxe4 29. Kg3 Rd6 30. Bc5 Rg6 31. d6 Ne5 32. d7 Nxd7 33. Rdxd7 Re5 34. Rxf7 Bc6 35. Bd4 Rd5 36. Rg7+ Rxg7 37. Bxg7 Rd3+ 38. Kf2 Rd2+ 39. Ke1 Rh2 40. Nf6# 1-0


[Site "https://www.chess.com"]

[Event "Titled Tuesday Blitz August 24 2021"]
[White "Bryakin, Mikhail"]
[Black "Arabidze, Meri"]
[WhiteFideId "4165314"]
[BlackFideId "13604040"]
[WhiteElo "2336"]
[BlackElo "2432"]
[Result "0-1"]
[Round "06"]
[TimeControl "180+1"]
[Date "2021.08.24"]
[WhiteClock "0:00:43"]
[BlackClock "0:00:31"]

1. e4 c5 2. c3 d5 3. exd5 Qxd5 4. Nf3 Nc6 5. d4 Bg4 6. Be2 O-O-O 7. dxc5 Qxd1+ 8. Bxd1 e5 9. b4 e4 10. Nfd2 Bxd1 11. Kxd1 f5 12. Kc2 Nf6 13. Nb3 Ng4 14. f3 Nf2 15. Rf1 Nd3 16. a3 g6 17. N1d2 e3 18. Nc4 e2 19. Bg5 exf1=Q 20. Rxf1 Nde5 21. Nxe5 Nxe5 22. Bxd8 Kxd8 23. Nd4 Kd7 24. Rd1 Nc4 25. Kb3 Ne3 26. Rd2 Kc8 27. c6 Bh6 28. cxb7+ Kxb7 29. Ne6 Kc6 30. Nd4+ Kb7 31. Nb5 Kb6 32. c4 Nxc4 33. Kxc4 Bxd2 0-1


[Site "https://www.chess.com"]

[Event "Titled Tuesday Blitz August 24 2021"]
[White "Cunha, Lucas Aguiar"]
[Black "Wieczorek, Zbigniew"]
[WhiteFideId "2125404"]
[BlackFideId "1102001"]
[WhiteElo "2361"]
[BlackElo "2305"]
[Result "1-0"]
[Round "06"]
[TimeControl "180+1"]
[Date "2021.08.24"]
[WhiteClock "0:01:32"]
[BlackClock "0:00:03"]

1. e4 g6 2. d4 Bg7 3. Nc3 c6 4. a4 d5 5. e5 f6 6. f4 Nh6 7. Be3 O-O 8. h3 Bf5 9. g4 Be4 10. Nxe4 dxe4 11. Bg2 f5 12. g5 Nf7 13. h4 Qa5+ 14. c3 h5 15. Bf1 Rd8 16. Bc4 Kf8 17. Qb3 e6 18. Bxe6 Qc7 19. Ne2 Na6 20. Ng3 Re8 21. Nxf5 gxf5 22. Bxf5 c5 23. Bxe4 cxd4 24. cxd4 Nxe5 25. fxe5 Bxe5 26. O-O Kg7 27. dxe5 Qxe5 28. Qf7+ Kh8 29. Qh7# 1-0


[Site "https://www.chess.com"]

[Event "Titled Tuesday Blitz August 24 2021"]
[White "Damjanovic, Vladimir"]
[Black "Molina, Roberto Junio Brito"]
[WhiteFideId "903795"]
[BlackFideId "2109450"]
[WhiteElo "2374"]
[BlackElo "2402"]
[Result "0-1"]
[Round "06"]
[TimeControl "180+1"]
[Date "2021.08.24"]
[WhiteClock "0:00:02"]
[BlackClock "0:01:06"]

1. e4 c6 2. d4 d5 3. e5 Bf5 4. c4 e6 5. Nc3 Ne7 6. h4 h5 7. Bg5 dxc4 8. Bxc4 Nd7 9. Nge2 Nb6 10. Bb3 Qd7 11. Ng3 Bg6 12. O-O Nf5 13. Nxf5 Bxf5 14. Bc2 Bxc2 15. Qxc2 Be7 16. Ne4 O-O-O 17. Nd6+ Bxd6 18. Bxd8 Kxd8 19. exd6 Qxd6 20. a4 Nd5 21. a5 a6 22. Qb3 Kc7 23. g3 g6 24. Qf3 Qe7 25. Rac1 Rd8 26. Rfe1 Rd7 27. Qe4 Kb8 28. Rc5 Ka7 29. b4 Nxb4 30. Rb1 Nd5 31. Qe5 Nc7 32. Rb6 Qd6 33. Qxd6 Rxd6 34. Rb4 Nb5 35. Rcc4 Kb8 36. f4 Kc7 37. Kf2 Kd8 38. Ke3 Ke7 39. Kf3 Kf6 40. Ke3 Kf5 41. Kf3 Rd7 42. Rc5+ Kf6 43. Ke3 Ke7 44. Rcc4 Nc7 45. Kf3 Nd5 46. Rb3 Kd6 47. Rc5 Kc7 48. Rc4 Ne7 49. Rcb4 Kc8 50. Rc4 Nf5 51. Rbb4 Rd5 52. Ra4 Rb5 53. Rcb4 Rd5 54. Rc4 Rd8 55. Rcb4 Nd6 56. Rb3 Nb5 57. Rd3 Rd5 58. Rc4 Nc7 59. Rc5 Rd6 60. Rc4 Nd5 61. Ra4 Rd7 62. Rc4 Kd8 63. Rd1 Ne7 64. Rb1 Kc8 65. Rcb4 Nf5 66. Rd1 Rd5 67. Rc4 Rxa5 68. Ke4 Nd6+ 0-1


[Site "https://www.chess.com"]